 Dungeon Crawl Stone Soup version 0.30.1-9-gdf580d7c3d (webtiles) character file.

Game seed: 10393970927216110568

3936 Nonny the Frost Mage (level 10, -2/111 HPs)
             Began as a Merfolk Ice Elementalist on Oct 22, 2023.
             Was an Initiate of Gozag.
             Killed from afar by a starcursed mass (12 damage)
             ... with an accursed screaming
             ... on level 1 of the Abyss.
             The game lasted 00:40:24 (8176 turns).

Nonny the Frost Mage (Merfolk Ice Elementalist)     Turns: 8176, Time: 00:40:25

Health: -2/111     AC: 12    Str:  4    XL:     10   Next: 21%
Magic:  19/19      EV: 11    Int: 22    God:    Gozag
Gold:   827        SH: 11    Dex: 15    Spells: 10/21 levels left

rFire   . . .        G - +0 trident
rCold   + . .        K - +2 kite shield {reflect}
rNeg    . . .        J - +2 robe of the Blessed Realm {rElec Archmagi}
rPois   +            I - +2 helmet of Good Intentions {rElec Regen+ Str-4 Int+3}
rElec   +            n - +0 cloak
rCorr   .            s - +2 pair of gloves {Stlth+}
SInv    .            c - +0 pair of boots
Will    .....        m - amulet of magic regeneration Stlth
                     q - ring of poison resistance
HPRegen 1.18/turn    w - ring of protection from cold
MPRegen 0.56/turn

%: reflection, archmagi
@: berserking (expiring), about to teleport, very quick
A: (nimble swimmer 2), mertail
a: Renounce Religion, Potion Petition, Call Merchant, Bribe Branch


You were on level 1 of the Abyss.
You worshipped Gozag.
Gozag was pleased with you.
You visited 2 branches of the dungeon, and saw 10 of its levels.
You visited the Abyss 1 time.
You also visited: Sewer.

You collected 2136 gold pieces.
You spent 698 gold pieces at shops.
You paid 611 gold pieces to Gozag.

Inventory:

Hand Weapons
 G - a +0 trident (weapon)
Missiles
 f - a throwing net
 i - 5 poisoned darts
Armour
 c - a +0 pair of boots (worn)
 j - a +0 kite shield
 n - a +0 cloak (worn)
 s - a +2 pair of gloves of stealth (worn)
 y - a +2 robe of fire resistance
 B - a +0 buckler
 I - the +2 helmet of Good Intentions (worn) {rElec Regen+ Str-4 Int+3}
   (You bought it in a shop on level 8 of the Dungeon)

   Str:       It affects your strength (-4).
   Int:       It affects your intelligence (+3).
   rElec:     It insulates you from electricity.
   Regen:     It increases your rate of health regeneration.
 J - the +2 robe of the Blessed Realm (worn) {rElec Archmagi}
   (You bought it in a shop on level 8 of the Dungeon)

   rElec:     It insulates you from electricity.
   Archmagi:  It increases the power of your magical spells.
 K - a +2 kite shield of reflection (worn)
Jewellery
 m - an amulet of magic regeneration (around neck)
 q - a ring of poison resistance (left hand)
 w - a ring of protection from cold (right hand)
 C - a ring of protection from cold
 E - a ring of willpower
Wands
 x - a wand of flame (16)
 D - a wand of mindburst (22)
 H - a wand of paralysis (4)
Scrolls
 g - 3 scrolls of teleportation
 u - a scroll of brand weapon {unknown}
 z - a scroll of fear
Potions
 a - 2 potions of flight {unknown}
 b - 2 potions of magic
 d - 6 potions of curing
 e - a potion of haste
 h - a potion of mutation {unknown}
 k - 4 potions of attraction
 l - 2 potions of brilliance {unknown}
 r - 2 potions of lignification
 t - 2 potions of invisibility
 v - a potion of resistance


   Skills:
 + Level 5.5 Fighting
 + Level 6.8 Polearms
 - Level 7.0 Dodging
 - Level 4.0 Stealth
 + Level 3.0 Shields
 - Level 6.1 Spellcasting
 - Level 5.0 Summonings
 + Level 8.4 Ice Magic


You had 10 spell levels left.
You knew the following spells:

 Your Spells              Type           Power      Damage    Failure   Level
a - Freeze                Ice            100%       1d10      3%          1
b - Frozen Ramparts       Ice            100%       1d16      11%         3
c - Ozocubu's Armour      Ice            60%        N/A       11%         3
d - Summon Ice Beast      Ice/Summ       53%        N/A       58%         4

Your spell library contained the following spells:

 Spells                   Type           Power      Damage    Failure   Level
 Ensorcelled Hibernation  Hex/Ice        74%        N/A       32%         2
 Beastly Appendage        Tmut           20%        N/A       75%         1
 Blink                    Tloc           20%        N/A       87%         2
 Lesser Beckoning         Tloc           20%        N/A       87%         2
 Momentum Strike          Conj/Tloc      20%        3d8       87%         2
 Wereblood                Tmut           10%        N/A       87%         2
 Dazzling Flash           Conj/Hex       20%        N/A       98%         3
 Spider Form              Tmut/Pois      10%        N/A       98%         3
 Volatile Blastmotes      Fire/Tloc      20%        2d11      98%         3
 Anguish                  Hex/Necr       5%         N/A       100%        4
 Iskenderun's Mystic Bla  Conj/Tloc      10%        2d4       100%        4
 Starburst                Conj/Fire      5%         6d4       100%        6


Dungeon Overview and Level Annotations

Branches:
Dungeon (9/15)             Temple (1/1) D:4           Sewer (visited)
   Lair: D:8-11         Orc: D:9-12

Altars:
Ashenzari
Cheibriados
Dithmenos
Elyvilon
Fedhas
Gozag
Hepliaklqana
Kikubaaqudgha
Makhleb
Nemelex Xobeh
Okawaru
Qazlal
Ru
Sif Muna
Trog
Uskayaw
Vehumet
Wu Jian
Xom
Yredelemnul
Zin
The Shining One

Shops:
D:4 *   D:8 [

Annotations:
D:3 Grinder
D:8 Psyche


Innate Abilities, Weirdness & Mutations

((You are very nimble when in or above water. (Stealth+, EV+, Speed+++)))
Your lower body shifts to a powerful aquatic tail in water.


Message History

As you read the scroll of teleportation, it crumbles to dust.
You feel strangely unstable.
You feel the power of the Abyss delaying your translocation!
The starcursed mass touches you.
Unknown command.
You hit the starcursed mass but do no damage.
You block the starcursed mass's attack. The starcursed mass barely misses you.
Unknown command.
A red film seems to cover your vision as you go berserk!
You feel yourself moving faster!
You feel mighty!
A deafening chorus of shrieks assaults your mind!
You hit the starcursed mass but do no damage.
The starcursed mass touches you!
You hit the starcursed mass but do no damage.
A deafening chorus of shrieks assaults your mind!
* * * LOW HITPOINT WARNING * * *
You suddenly lose the ability to move!
The starcursed mass touches you.
* * * LOW HITPOINT WARNING * * *
A starcursed mass splits.
The starcursed mass touches you but does no damage.
You can move again.
You hit the starcursed mass.
The starcursed mass is lightly damaged.
The starcursed mass shudders and is absorbed by its neighbour.
A deafening chorus of shrieks assaults your mind!
* * * LOW HITPOINT WARNING * * *
You hit the starcursed mass.
The starcursed mass is moderately damaged.
The starcursed mass shudders and is absorbed by its neighbour.
You block the starcursed mass's attack.
The starcursed mass touches you but does no damage. x2
Unknown command.
You hit the starcursed mass.
The starcursed mass is lightly damaged.
The starcursed mass shudders and is absorbed by its neighbour.
The starcursed mass touches you.
* * * LOW HITPOINT WARNING * * *
A deafening chorus of shrieks assaults your mind!
You die...
Your body crumbles into a pile of gold.

.#. ## .# . .
.#.. ..# #. #
.. .. ##..# .
## .
......###...#
#.#..#..#..#X
# .... .......
# #...##..XX##
#. .. #XXX@##
#####....#X#.#
#.#.#.##### #
. . . . # . #
. #. # . . ..


You could see 6 starcursed masses.

Vanquished Creatures
  A wyvern (D:8)
  6 yaks (D:8)
  2 water moccasins
  Pargi (Sewer)
  An ice beast (D:4)
  An orc warrior (D:5)
  2 black bears (D:5)
  A sky beast (D:6)
  2 centaurs
  3 ogres (D:6)
  A phantom (D:7)
  A bullfrog (D:8)
  Blork the orc (D:5)
  5 scorpions
  4 wights (D:6)
  3 jellies
  2 orc priests
  6 hounds
  2 gnoll boudas (D:6)
  Crazy Yiuf (D:4)
  Ijyb (D:4)
  3 iguanas
  A sleepcap (D:5)
  3 orc wizards
  16 gnolls
  10 adders
  A river rat (D:4)
  A shadow imp (D:6)
  A white imp (D:5)
  A worm (D:4)
  2 dart slugs
  38 orcs
  13 ball pythons
  3 bats
  8 endoplasms
  7 giant cockroaches
  5 goblins
  4 hobgoblins
  3 jackals (D:3)
  4 quokkas
  7 frilled lizards
  7 kobolds
  4 rats
189 creatures vanquished.

Notes
Turn   | Place    | Note
-------+----------+-------------------------------------------
     0 | D:1      | Nonny the Merfolk Ice Elementalist began the quest for the
                  | Orb.
     0 | D:1      | Reached XP level 1. HP: 13/13 MP: 3/3
    44 | D:1      | Starting vault: a little layer
   156 | D:1      | Grid vault
   180 | D:1      | Reached XP level 2. HP: 8/19 MP: 0/5
   355 | D:1      | Reached skill level 5 in Ice Magic
   680 | D:2      | Reached XP level 3. HP: 24/24 MP: 4/6
   684 | D:2      | Learned a level 3 spell: Frozen Ramparts
   923 | D:2      | Found a faded altar of an unknown god.
  1361 | D:3      | Reached XP level 4. HP: 30/30 MP: 1/7
  1498 | D:3      | Reached skill level 6 in Ice Magic
  1744 | D:3      | Reached XP level 5. HP: 31/35 MP: 5/8
  1863 | D:3      | Noticed Grinder
  1922 | D:3      | Another grid vault
  2023 | D:3      | Found a hide-covered altar of Uskayaw.
  2092 | D:4      | Identified 2 scrolls of acquirement
  2092 | D:4      | Acquired a +0 pair of gloves of stealth
  2117 | D:4      | Learned a level 3 spell: Ozocubu's Armour
  2200 | D:4      | Found a staircase to the Ecumenical Temple.
  2227 | Temple   | Entered the Ecumenical Temple
  2331 | Temple   | Became a worshipper of Gozag Ym Sagoz the Greedy
  2617 | D:4      | Noticed a black bear
  2702 | D:4      | Found a glowing drain.
  2788 | Sewer    | Entered a sewer
  2919 | Sewer    | Noticed Pargi
  2929 | Sewer    | Killed Pargi
  2930 | Sewer    | Reached skill level 7 in Ice Magic
  2930 | Sewer    | Reached XP level 6. HP: 35/42 MP: 5/9
  2992 | D:4      | Sewer entrance towards northeast.
  3001 | D:4      | Found Kidyly's Fire Supplies.
  3005 | D:4      | Good vault.
  3087 | D:4      | Noticed Ijyb
  3097 | D:4      | Killed Ijyb
  3098 | D:4      | Reached skill level 1 in Polearms
  3164 | D:4      | Reached skill level 1 in Fighting
  3561 | D:4      | Bought a +1 robe of fire resistance for 177 gold pieces
  3609 | D:5      | Entered Level 5 of the Dungeon
  3669 | D:5      | 4chamber floor
  3726 | D:5      | Reached XP level 7. HP: 36/48 MP: 7/10
  3989 | D:5      | Noticed Blork the orc
  4066 | D:5      | Killed Blork the orc
  4103 | D:5      | Reached XP level 8. HP: 52/56 MP: 11/14
  4144 | D:5      | Staff of poison in northeast.
  4170 | D:5      | Reached skill level 5 in Dodging
  4310 | D:5      | Learned a level 4 spell: Summon Ice Beast
  4318 | D:4      | Noticed Crazy Yiuf
  4318 | D:4      | Found a runed translucent door.
  4321 | D:4      | Killed Crazy Yiuf
  4420 | D:5      | Reached skill level 5 in Spellcasting
  4945 | D:5      | Acquired 852 gold pieces
  4970 | D:6      | Reached skill level 1 in Summonings
  5237 | D:6      | Reached XP level 9. HP: 37/60 MP: 18/18
  5784 | D:6      | Reached skill level 1 in Shields
  7350 | D:8      | Reached skill level 5 in Polearms
  7508 | D:8      | Reached skill level 5 in Summonings
  7588 | D:8      | Noticed Psyche
  7669 | D:8      | Reached skill level 5 in Fighting
  7671 | D:8      | Reached XP level 10. HP: 58/74 MP: 9/19
  7675 | D:8      | Reached skill level 8 in Ice Magic
  7887 | D:8      | Bought a fine helmet for 218 gold pieces
  7887 | D:8      | Identified the +2 helmet of Good Intentions {rElec Regen+
                  | Str-4 Int+3} (You bought it in a shop on level 8 of the
                  | Dungeon)
  7892 | D:8      | Bought a distressingly furry robe for 131 gold pieces
  7892 | D:8      | Identified the +2 robe of the Blessed Realm {rElec
                  | Archmagi} (You bought it in a shop on level 8 of the
                  | Dungeon)
  7902 | D:8      | Bought a runed kite shield for 172 gold pieces
  8077 | Abyss:1  | Cast into level 1 of the Abyss (wight)
  8144 | Abyss:1  | Noticed a large abomination
  8145 | Abyss:1  | Noticed a starcursed mass
  8146 | Abyss:1  | Noticed a worldbinder
  8150 | Abyss:1  | Noticed a starcursed mass
  8165 | Abyss:1  | Paralysed by accursed screaming for 1 turns
  8171 | Abyss:1  | Paralysed by accursed screaming for 1 turns
  8176 | Abyss:1  | Killed from afar by a starcursed mass

Illustrated notes ############ #.....##...# #.###....#'####### #.......###.##@'.'.....# #.....####..####.##'##.# ..#.## #...## #.#.<.#.# .. #.### #.#...#.# .. #. #.##'##.# . #. #.......# #. ######### #. $. Turn 44 on D:1: Starting vault: a little layer ##### ####.#.## #.......# ## #.##@#.## #. #.......# #. #.##.#.### #. .. #......## ##. #.# ##.#.#..# #.. # #.....#.#########.. ##.#.##...........# #.....#............ ##.#.##............ Turn 156 on D:1: Grid vault

.....##.#####. #.
........[..##.
#..#.#.#.#.##.##.##.
#..........##...<##.
#.#.#.#.#.#.#....##.
##...........##...##.
#.#.#.#.#.#.#.##..###
#.....(...........###
#.#.#@#.#.#.#.#.#.....
#.............#######
#.#.#.#.#.#.#.#
......(.......##
#.#..#.#.#.#.#.###
#................#
..###.#.#.#.#..#.# #.
##.......###.#
.....#..###.#


Turn 1922 on D:3: Another grid vault ##########.# #........# #.## #........#
#..# #........# #..# #........# #..##### #........###...... #####....#~.....####
#.##.#~~~......## #.##.#~~~.@.....## #.##.#~~~~......≈# ##.#..#.~~~~.....≈#
#..#..######'....≈# #.......##.#.....## ######.###'####......##
..................#### #.####..#..####.#.# #.# #.........###.# Turn 2992 on D:4:
Sewer entrance towards northeast. ### #.# #.# ### #.# §§# #.# ♣♣§♣♣ #.# #♣@§§♣#
#.# ####..⌠..## ########.# #..........# ........># #..........# ########.#
#.##..⌠..#.# #........# #.##♣...♣# # #........# #..#♣♣∩♣♣ #........# #..# ♣♣
#........# #..###### Turn 3005 on D:4: Good vault. ##+## ##...## #### #
##.....###.) .# ##...<...##.# .# #.........#.# ..#### +.........@.###......
#.........#......# ##.......####.#.## ##.....## #.# ##...## #.# ##'## #.######
######.## #......# #........###########.# #.#####........# #.# Turn 3669 on D:5:
4chamber floor ####### .....# ###.#.## ### # #....... # #)..# . #.....##
#.##.#.###.........# #...........####.#.# #.##@##.# .....# #...|...# ###.###
#.##.##.# ##'## # #..##.# ##...## # #.###.# ##.....## #.#.##..# ##.......#
##.##.#.#...####......... ...............'......... ##.####.#...####.........
Turn 4144 on D:5: Staff of poison in northeast.

Levels and vault maps discovered:
D:1:      ncdulo_smallfort, layout_rooms, serial_forest,
          infiniplex_forest_straight_5, infiniplex_forest_straight_2,
          infiniplex_forest_clump_cross, infiniplex_forest_end_1,
          infiniplex_forest_straight_3, infiniplex_forest_lined_2,
          nrook_mini_backslash, st_stairs_13
D:2:      layout_basic, hellmonk_ecumenical_altar_lost_god
D:3:      layout_loops_cross, mainiacjoe_overflow_surrounded_room, hex_medium,
          uniq_grinder
D:4:      layout_basic, minmay_temple_entry_sparse_star, portal_sewer_entry_b,
          nicolae_shop_fire_sale [nicolae_sub_dead_trees], kennysheep_nub,
          uniq_ijyb, uniq_crazy_yiuf_cottage
D:5:      layout_loops_corners, guppyfry_early_orc_mine, uniq_blork_the_orc
D:6:      layout_basic
D:7:      layout_basic
D:8:      layout_basic, special_room [special_room_orc], uniq_psyche
D:9:      layout_roguey, serial_shops, nicolae_shop_waterfront, shop, shop,
          serial_undead, serial_undead_f, serial_undead_c, serial_undead_a,
          serial_undead_b, nicolae_shop_dragon_depot
Temple:   mainiacjoe_temple_circle_huts
Abyss:1:  base: D:9, evilmike_abyss_exit_glass, minivault_20

Skill      XL: |  1  2  3  4  5  6  7  8  9 10 |
---------------+-------------------------------+-----
Ice Magic      | 5 6 7 8 |  8.4
Dodging        | 3 4 6 7 |  7.0
Stealth        | 3 4 |  4.0
Polearms       | 2 3 4 6 |  6.8
Fighting       | 1 2 5 |  5.5
Spellcasting   | 4 6 |  6.1
Summonings     | 2 5 |  5.0
Shields        | 2 3 |  3.0

Action                     |  1- 3 |  4- 6 |  7- 9 | 10-12 || total
---------------------------+-------+-------+-------+-------++-------
  Melee: Unarmed           |    19 |       |       |       ||    19
         Spear             |       |    27 |   148 |       ||   175
         Tailslap          |       |     2 |     5 |       ||     7
         Trident           |       |       |    29 |    36 ||    65
   Cast: Freeze            |    55 |    93 |    98 |     2 ||   248
         Frozen Ramparts   |     2 |     3 |    31 |     3 ||    39
         Ozocubu's Armour  |       |     2 |    21 |     2 ||    25
         Summon Ice Beast  |       |       |     1 |       ||     1
 Invoke: Call Merchant     |       |       |       |     1 ||     1
    Use: Scroll            |       |     7 |    13 |     2 ||    22
         Potion            |       |       |     4 |     2 ||     6
   Stab: Sleeping          |       |     5 |     4 |       ||     9
 Armour: Robe              |     7 |    30 |    73 |    11 ||   121
         Skin              |       |       |    12 |       ||    12
  Dodge: Dodged            |    35 |    78 |   135 |    12 ||   260
  Block: Buckler           |       |       |    24 |     3 ||    27
         Kite shield       |       |       |       |    10 ||    10
         Reflection        |       |       |       |     5 ||     5
